 Dungeon Crawl Stone Soup version 0.20.0-4-g10b340a (webtiles) character file.

62 RKaid the Gusty (level 3, 0/26 HPs)
             Began as a Demigod Air Elementalist on May 28, 2017.
             Succumbed to an adder's poison
             ... on level 2 of the Dungeon.
             The game lasted 00:06:35 (1512 turns).

RKaid the Gusty (Demigod Air Elementalist)          Turns: 1512, Time: 00:06:35

Health: 0/26       AC:  3    Str: 11    XL:     3   Next: 60%
Magic:  1/9        EV: 12    Int: 21    God:
Gold:   89         SH:  0    Dex: 16    Spells: 3/6 levels left

rFire    . . .     SeeInvis .   a - +0 dagger
rCold    . . .     Gourm    .   (no shield)
rNeg     . . .     Faith    .   h - +0 robe (curse)
rPois    .         Spirit   .   (no helmet)
rElec    .         Reflect  .   (no cloak)
rCorr    .         Harm     .   n - +0 pair of gloves
MR       .....                  (no boots)
Stlth    ++........             (no amulet)
Regen    0.1/turn               (no ring)
MPRegen  0.2/turn               (no ring)

@: lethally poisoned (0 -> -1), very slightly contaminated
A: high mp 1
a: no special abilities


You were on level 2 of the Dungeon.
You were hungry.

You visited 1 branch of the dungeon, and saw 2 of its levels.

You collected 89 gold pieces.

Inventory:

Hand Weapons
 a - a +0 dagger (weapon)
   (You took it off a goblin on level 1 of the Dungeon)
 b - a +0 hunting sling
   (You found it on level 2 of the Dungeon)
Missiles
 e - 23 sling bullets
 m - 12 poisoned needles
Armour
 h - a cursed +0 robe (worn)
   (You found it on level 2 of the Dungeon)
 j - a +0 robe
 n - a +0 pair of gloves (worn)
   (You found it on level 1 of the Dungeon)
Scrolls
 i - a scroll of identify
 o - a scroll of remove curse
 p - a scroll of fog
Books
 l - a book of Air
Comestibles
 c - 3 bread rations
 f - a chunk of flesh
 g - 2 meat rations


   Skills:
 - Level 1.7 Dodging
 - Level 1.7 Stealth
 + Level 2.3 Spellcasting
 * Level 2.0 Conjurations
 * Level 3.4 Air Magic


You had 3 spell levels left.
You knew the following spells:

 Your Spells              Type           Power        Failure   Level  Hunger
a - Shock                 Conj/Air       ##..         4%          1    #......
A - Swiftness             Chrm/Air       #.......     11%         2    ##.....


Dungeon Overview and Level Annotations

Branches:
Dungeon (2/15)


Innate Abilities, Weirdness & Mutations

You have an increased reservoir of magic. (+10% MP)


Message History

Casting: Shock
Confirm with . or Enter, or press ? or * to list all spells.
Aiming: Shock
Press: ? - help, Shift-Dir - straight line, f - adder
Aim: an adder The zap misses the adder.
Casting: Shock
Confirm with . or Enter, or press ? or * to list all spells.
Aiming: Shock
Press: ? - help, Shift-Dir - straight line, f/p - adder
Aim: an adder The zap misses the adder.
The adder bites you.
You are poisoned.
The adder poisons you! The adder bites you.
You hit the adder.
You feel sick. The adder closely misses you.
Casting: Shock
Confirm with . or Enter, or press ? or * to list all spells.
Aiming: Shock
Press: ? - help, Shift-Dir - straight line, f/p - adder
Aim: an adder (lightly wounded)
You miscast Shock.
You are very lightly contaminated with residual magic.
Nothing appears to happen.
The adder bites you.
You are more poisoned.
The adder poisons you! The adder bites you.
Casting: Shock
Confirm with . or Enter, or press ? or * to list all spells.
Aiming: Shock
Press: ? - help, Shift-Dir - straight line, f/p - adder
Aim: an adder (lightly wounded)
You miscast Shock.
Wisps of smoke drift from your hands.
You feel sick. The adder bites you but does no damage.
Casting: Shock
Confirm with . or Enter, or press ? or * to list all spells.
Aiming: Shock
Press: ? - help, Shift-Dir - straight line, f/p - adder
Aim: an adder (lightly wounded)
The zap hits the adder.
The adder bites you.
Casting: Shock
Confirm with . or Enter, or press ? or * to list all spells.
You feel quick.
You feel sick. The adder bites you but does no damage. The adder bites you.
* * * LOW HITPOINT WARNING * * *
You feel sick.
An adder comes into view.
You feel sick.
You start to feel a little slower.
You feel sick.
You feel sluggish.
You feel sick.
You feel better. The adder bites you.
You are poisoned.
The adder poisons you!
You feel sick. The adder barely misses you.
Casting: Swiftness
Confirm with . or Enter, or press ? or * to list all spells.
Aiming: Shock
Press: ? - help, Shift-Dir - straight line, f/p - adder
Aim: an adder (moderately wounded)
The zap hits the adder.
You feel sick. The adder bites you.
* * * LOW HITPOINT WARNING * * *
Casting: Shock
Confirm with . or Enter, or press ? or * to list all spells.
Aiming: Shock
Press: ? - help, Shift-Dir - straight line, f/p - adder
Aim: an adder (severely wounded)
The zap misses the adder.
You start to feel a little faster.
The adder bites you but does no damage. x2
Casting: Shock
Confirm with . or Enter, or press ? or * to list all spells.
Aiming: Shock
Press: ? - help, Shift-Dir - straight line, f/p - adder
Aim: an adder (severely wounded)
The zap misses the adder.
The adder closely misses you.
Casting: Shock
Confirm with . or Enter, or press ? or * to list all spells.
Aiming: Shock
Press: ? - help, Shift-Dir - straight line, f/p - adder
Aim: an adder (severely wounded)
The zap hits the adder.
You kill the adder!
Your Conjurations skill increases to level 2!
You are feeling hungry.
You feel sick.
You hit the rat but do no damage. The rat bites you.
* * * LOW HITPOINT WARNING * * *
You no longer feel sluggish.
* * * LOW HITPOINT WARNING * * *
You feel sick.
As you read the scroll labeled OSASIUH ROPP, it crumbles to dust.
It is a scroll of recharging.
You aren't carrying any rechargeable items.
* * * LOW HITPOINT WARNING * * *
You feel sick. The rat barely misses you.
There is a stone staircase leading up here.
* * * LOW HITPOINT WARNING * * *
You feel sick. The rat bites you but does no damage.
You die...

#..........^...#
##.
#.##############
#. #.# #. #.# #.
#.# ########. #.#
#.....>#. #.######
#)####...
####.##.).# #.#
###.
#..^..@...#####.#
#.
#.#####.r.......#
#. # ###.#######
###. ###.### #....
#.....# #....
#.<...#####......
#...........#....
##.....#######....
####......# #....


You could see a rat.

Vanquished Creatures
  An adder (D:2)
  2 dart slugs (D:1)
  A leopard gecko (D:1)
  2 ball pythons (D:1)
  4 giant cockroaches
  8 goblins
  4 hobgoblins (D:1)
  2 jackals (D:1)
  7 bats
  A frilled lizard (D:1)
  6 kobolds
  3 rats
41 creatures vanquished.

Notes
Turn   | Place    | Note
-------+----------+-------------------------------------------
     0 | D:1      | RKaid the Demigod Air Elementalist began the quest for the Orb.
     0 | D:1      | Reached XP level 1. HP: 14/14 MP: 5/5
    95 | D:1      | Reached skill level 1 in Conjurations
   357 | D:1      | Reached XP level 2. HP: 20/20 MP: 1/7
   454 | D:1      | Reached skill level 2 in Spellcasting
   736 | D:1      | Reached skill level 3 in Air Magic
   998 | D:1      | Reached XP level 3. HP: 23/26 MP: 3/9
  1278 | D:1      | Learned a level 2 spell: Swiftness
  1480 | D:2      | HP: 6/26 [poisoned by an adder]
  1487 | D:2      | HP: 5/26 [poisoned by an adder]
  1492 | D:2      | HP: 4/26 [poisoned by an adder]
  1498 | D:2      | Reached skill level 2 in Conjurations
  1498 | D:2      | HP: 5/26 [poisoned by an adder]
  1501 | D:2      | HP: 2/26 [poisoned by an adder]
  1508 | D:2      | HP: 1/26 [poisoned by an adder]
  1512 | D:2      | Succumbed to an adder's poison

Skill      XL: |  1  2  3 |
---------------+----------+-----
Conjurations   | 1 2 |  2.0
Spellcasting   | 2 |  2.3
Air Magic      | 3 |  3.4
Dodging        | |  1.7
Stealth        | |  1.7

Action                   || total
-------------------------++-------
Melee: Short sword       ||     3
       Dagger            ||    10
 Cast: Shock             ||    92
       Swiftness         ||     1
  Use: Scroll            ||     3
       Potion            ||     1
  Eat: Chunk             ||     2
Armor: Robe              ||    12
Dodge: Dodged            ||    13

Table legend:
 A = Turns spent in this place as a percentage of turns spent in the entire game.
 B = Non-inter-level travel turns spent in this place as a percentage of non-inter-level travel turns spent in the entire game.
 C = Inter-level travel turns spent in this place as a percentage of turns spent in this place.
 D = Turns resting spent in this place as a percentage of non-inter-level travel turns spent in this place.
 E = Turns spent auto-exploring this place as a percentage of non-inter-level travel turns spent in this place.
 F = Non-inter-level travel turns spent in this place divided by the number of levels of this place that you've seen.
                   A       B       C       D       E      F
               +-------+-------+-------+-------+-------+----------------------
         Total | 100.0 | 100.0 |   0.0 |   8.3 |   5.4 | 287.5
       Dungeon | 100.0 | 100.0 |   0.0 |   8.3 |   5.4 | 287.5
               +-------+-------+-------+-------+-------+----------------------

Table legend:
 A = Kills in this place as a percentage of kills in entire the game.
 B = Kills by you in this place as a percentage of kills by you in the entire game.
 C = Kills by friends in this place as a percentage of kills by friends in the entire game.
 D = Other kills in this place as a percentage of other kills in the entire game.
 E = Experience gained in this place as a percentage of experience gained in the entire game.
 F = Experience gained in this place divided by the number of levels of this place that you have seen.
                   A       B       C       D       E      F
               +-------+-------+-------+-------+-------+----------------------
         Total | 100.0 | 100.0 |  -nan |  -nan | 100.0 |  44.5
       Dungeon | 100.0 | 100.0 |  -nan |  -nan | 100.0 |  44.5
               +-------+-------+-------+-------+-------+----------------------
